Map: Catalyst LE

Players

aPpLeYeSkY - Winner!

  • Race: Terran Terran
  • League: Diamond
  • Spawn Location: 5:00

Skullyhead

  • Race: Zerg Zerg
  • League: Diamond
  • Spawn Location: 11:00

VOD

Have the link to the VOD?

Description

I don't like tanks

Time

  • Played on: June 21, 2018, 5:04 p.m.
  • Length: 13:01
Show
View Real Time Build Order
Export as new Build Order

aPpLeYeSkY Terran - Winner!

Build Orders: Reaper Expand, Bio Tank 

Get SALT Encoding   

  12  0:01  SCV  
  13  0:13  SCV  
  14  0:18  Supply Depot  
  14  0:25  SCV  
  15  0:40  SCV  
  15  0:42  Barracks  
  16  0:46  Refinery  
  16  0:52  SCV  
  17  1:04  SCV  
  18  1:16  SCV  
  19  1:29  Orbital Command  
  19  1:30  Reaper  
  20  1:43  Command Center  
  20  1:54  Supply Depot  
  20  1:55  SCV  
  21  2:03  Barracks Reactor  
  21  2:07  SCV  
  22  2:14  Barracks  
  22  2:19  SCV  
  23  2:24  Factory  
  23  2:31  Refinery, SCV  
  23  2:39  Marine x2  
  23  2:43  SCV  
  26  2:55  SCV, Orbital Command  
  26  2:57  Marine x2  
  29  3:04  Barracks Tech Lab  
  29  3:07  SCV  
  30  3:15  Marine x2  
  30  3:19  SCV  
  33  3:21  Starport  
  33  3:23  SCV  
  33  3:26  Stimpack  
  34  3:30  Factory Reactor  
  34  3:31  Marine  
  34  3:33  SCV  
  36  3:38  SCV  
  37  3:42  Marine  
  37  3:44  Supply Depot  
  37  3:45  SCV  
  37  3:46  Marine  
  40  3:58  Marine  
  41  4:07  Supply Depot  
  41  4:10  Marine x2  
  41  4:16  Factory Tech Lab  
  43  4:17  Marine, Medivac x2  
  43  4:19  Engineering Bay, SCV x2  
  50  4:27  Marine  
  50  4:28  Marine  
  50  4:31  SCV x2  
  54  4:32  Supply Depot  
  54  4:35  Marine  
  55  4:39  Engineering Bay  
  55  4:43  SCV x2  
  57  4:56  Marine x3  
  57  4:57  Siege Tank  
  63  5:00  Barracks  
  63  5:03  Command Center  
  63  5:04  SCV x2  
  65  5:09  Refinery  
  65  5:12  Refinery  
  65  5:13  Supply Depot  
  65  5:16  SCV  
  66  5:21  Marine x3  
  66  5:24  SCV  
  66  5:28  Terran Infantry Weapons Level 1  
  70  5:34  SCV  
  70  5:35  Supply Depot  
  71  5:36  SCV  
  71  5:40  Terran Infantry Armor Level 1  
  71  5:41  Marine x3  
  75  5:43  Combat Shields  
  75  5:46  SCV  
  75  5:48  SCV  
  77  5:56  Siege Tank  
  80  5:58  SCV  
  80  5:59  Supply Depot x2  
  80  6:02  Marine  
  82  6:05  Barracks  
  75  6:22  Marine x2  
  75  6:23  Marine, Orbital Command  
  75  6:26  Medivac x2  
  75  6:29  Barracks  
  75  6:32  SCV x2  
  81  6:44  Armory, Supply Depot, SCV x2  
  83  6:51  Factory  
  83  6:52  Marine x2  
  86  6:55  Barracks Reactor  
  86  6:56  SCV x2  
  86  6:59  Siege Tank  
  86  7:00  Medivac  
  92  7:09  SCV x2  
  92  7:10  SCV  
  95  7:18  Barracks Reactor, Missile Turret  
  95  7:22  Supply Depot, Missile Turret  
  95  7:25  Orbital Command  
  95  7:40  Factory Tech Lab  
  95  7:41  Siege Tank, Marine  
  95  7:42  Marine x3, Marauder  
  95  7:43  Medivac  
  106  7:49  Missile Turret  
  106  7:50  SCV x2  
  108  7:53  SCV  
  109  8:00  Siege Tank  
  109  8:02  Terran Infantry Weapons Level 2, Terran Infantry Armor Level 2, SCV x2  
  109  8:04  Supply Depot  
  109  8:05  SCV  
  115  8:06  Refinery  
  115  8:08  Marine x5  
  115  8:11  Refinery  
  119  8:26  Siege Tank  
  122  8:27  Marine x5, Marauder  
  122  8:31  Barracks  
  122  8:32  Barracks  
  129  8:35  SCV x3  
  129  8:40  Missile Turret  
  132  8:46  Terran Vehicle Weapons Level 1  
  132  8:47  SCV x2  
  132  8:48  Supply Depot  
  134  8:55  Supply Depot  
  134  9:04  Marine x4, Marauder  
  134  9:05  Supply Depot  
  134  9:09  Thor  
  146  9:18  SCV x3  
  149  9:27  Concussive Shells, Supply Depot  
  149  9:30  Barracks Tech Lab, SCV x2  
  149  9:31  Barracks Reactor, SCV  
  152  9:32  Sensor Tower  
  152  9:34  Marine x2  
  152  9:35  Marine x5  
  152  9:37  Medivac  
  161  9:42  SCV x2  
  161  9:43  SCV  
  162  9:58  Marine  
  162  9:59  Marine x5, Marauder x2  
  146  10:00  Siege Tank x2  
  152  10:22  Marauder  
  152  10:24  Command Center  
  154  10:32  Siege Tank, Thor  
  148  10:54  Marine x5, Marauder x2  
  148  10:55  Marine x3  
  162  11:04  Siege Tank  
  162  11:12  Marine x6  
  162  11:15  Marauder x2  
  166  11:37  Marauder  
  168  11:45  Marine x3, Thor, Marauder  
  168  11:46  Thor  
  184  11:58  Marauder  
  179  12:02  Marine x4  
  179  12:03  Marine x3  
  179  12:06  Marauder  
  188  12:17  Marine  
  188  12:19  Marauder  
  188  12:20  Marine x4  
  188  12:21  Marine x2  
  184  12:28  Marauder  
  190  12:37  Marine x2  
  190  12:38  Marine x3  
Show
View Real Time Build Order
Export as new Build Order

Skullyhead Zerg 

Build Orders: Hatch First 

Get SALT Encoding   

  12  0:00  Drone  
  13  0:12  Overlord  
  13  0:17  Drone  
  14  0:30  Drone x2  
  14  0:34  Drone  
  17  0:54  Hatchery  
  17  0:56  Drone  
  17  1:00  Drone  
  18  1:11  Extractor  
  18  1:16  Spawning Pool  
  16  1:18  Drone  
  16  1:22  Drone  
  18  1:27  Drone  
  19  1:38  Overlord  
  19  1:53  Drone  
  20  2:03  Queen  
  20  2:04  Zergling x2  
  20  2:05  Queen  
  20  2:06  Zergling x2  
  26  2:11  Drone  
  26  2:14  Metabolic Boost  
  27  2:17  Drone  
  27  2:21  Drone  
  29  2:27  Drone  
  30  2:34  Drone  
  31  2:46  Hatchery  
  30  2:54  Queen  
  32  2:59  Overlord  
  32  3:06  Drone x2  
  32  3:07  Drone  
  35  3:14  Drone  
  35  3:18  Drone x3  
  39  3:20  Drone  
  39  3:23  Drone  
  41  3:27  Overlord  
  41  3:34  Lair  
  41  3:41  Queen  
  44  3:48  Drone x3  
  44  3:49  Drone  
  44  3:51  Overlord  
  44  3:54  Drone  
  48  4:01  Drone x4  
  52  4:04  Extractor  
  52  4:05  Drone  
  52  4:08  Extractor  
  51  4:10  Queen  
  51  4:14  Overlord  
  53  4:26  Queen  
  53  4:29  Overlord x2  
  55  4:43  Zergling x20  
  65  4:47  Overseer  
  65  4:49  Pneumatized Carapace  
  65  4:52  Drone x2  
  67  4:53  Drone  
  68  5:07  Drone x2, Extractor  
  68  5:08  Roach Warren  
  68  5:10  Drone  
  68  5:12  Drone  
  68  5:13  Evolution Chamber, Drone  
  70  5:15  Drone  
  70  5:17  Evolution Chamber  
  70  5:24  Queen  
  72  5:34  Drone  
  72  5:35  Drone x8  
  81  5:41  Overlord x2  
  81  5:46  Zerg Missile Weapons Level 1  
  81  5:49  Zerg Ground Armor Level 1  
  81  6:02  Queen  
  83  6:07  Zergling x20  
  79  6:19  Drone  
  79  6:20  Drone x7  
  87  6:36  Roach  
  87  6:37  Roach x2  
  87  6:38  Overlord  
  93  6:41  Glial Reconstitution  
  93  7:03  Hatchery, Hydralisk Den, Roach  
  93  7:04  Roach x6  
  93  7:06  Overlord x2  
  105  7:12  Overlord  
  105  7:13  Overlord  
  105  7:30  Overlord  
  105  7:31  Overlord x2  
  105  7:33  Roach x2  
  105  7:34  Roach x5  
  119  7:40  Zerg Missile Weapons Level 2  
  119  7:43  Zerg Ground Armor Level 2  
  119  7:45  Grooved Spines  
  119  7:49  Drone  
  119  7:50  Drone x3  
  123  7:51  Drone  
  123  7:53  Drone  
  125  8:06  Drone  
  125  8:07  Drone x7  
  133  8:38  Queen  
  133  8:40  Drone  
  133  8:41  Drone x8  
  140  8:42  Drone x2, Hydralisk x2  
  140  8:43  Hydralisk x6  
  162  8:55  Extractor  
  162  8:57  Muscular Augments, Extractor  
  160  9:03  Overlord x2  
  160  9:04  Overlord x3  
  160  9:23  Hydralisk x5  
  160  9:24  Hydralisk x9  
  162  9:29  Infestation Pit  
  187  9:37  Drone x4, Spore Crawler  
  187  9:38  Spine Crawler x3  
  188  9:42  Spine Crawler  
  165  9:57  Roach x12  
  149  10:07  Roach x7  
  157  10:16  Roach  
  157  10:17  Roach x5  
  157  10:18  Roach  
  171  10:21  Hive  
  171  10:27  Drone x3  
  171  10:28  Drone  
  165  10:36  Roach x3  
  165  10:37  Roach x4  
  167  10:48  Roach  
  167  10:49  Roach x8  
  185  10:59  Roach  
  185  11:00  Roach x6  
  199  11:07  Zergling x2  
  178  11:20  Hydralisk x10  
  178  11:21  Hydralisk  
  186  11:27  Roach  
  186  11:28  Roach x3  
  189  11:37  Viper x3  
  146  12:24  Roach  
  146  12:25  Roach x25  
  184  12:36  Roach  
  184  12:37  Roach x5  
Tags
 
Add a new tag
Caveats
  • Supply blocks, unpowered buildings, or Contaminate may cause inaccurate times.
  • Supply counts are checked every 10 seconds.